 Dungeon Sprint DCSS version 0.21-a0-71-g5e5ddd2 (webtiles) character file.

7101 Kidiri the Eclecticist (level 10, -4/63 HPs)
             Began as a Deep Elf Fire Elementalist on June 19, 2017.
             Was the Champion of Vehumet.
             Slain by Urug
             ... wielding a +1 eveningstar
              (33 damage)
             ... in the Dungeon (Sprint III: "The Ten Rune Challenge").
             The game lasted 00:19:19 (2430 turns).

Kidiri the Eclecticist (Deep Elf Fire Elementalist) Turns: 2430, Time: 00:19:21

Health: -4/63      AC:  3    Str:  5    XL:     10   Next: 84%
Magic:  25/31      EV: 19    Int: 24    God:    Vehumet [******]
Gold:   33         SH:  0    Dex: 15    Spells: 5/40 levels left

rFire    . . .     SeeInvis .   k - +0 dagger
rCold    . . .     Gourm    .   (no shield)
rNeg     + . .     Faith    .   r - +1 robe {rN+}
rPois    .         Spirit   .   (helmet restricted)
rElec    .         Reflect  .   (no cloak)
rCorr    .         Harm     .   (no gloves)
MR       +....     Rnd*Rage +   (no boots) Stlth +++.......NoTele +
                                (no amulet)
HPRegen  0.20/turn              (no ring)
MPRegen  0.22/turn              (no ring)

@: no status effects
A: antennae 1, claws 1, camouflage 1, berserk 1, mutation resistance 1
a: Renounce Religion


You were in the Dungeon.
You worshipped Vehumet.
Vehumet was exalted by your worship.
You were completely stuffed.

You visited 1 branch You collected 33 gold pieces.

Inventory:

Hand Weapons
 k - a +0 dagger (weapon)
Missiles
 u - 3 throwing nets (quivered)
Armour
 r - a +1 robe of positive energy (worn)
Scrolls
 i - a scroll of blinking
 l - a scroll of immolation
 m - a scroll of magic mapping {unknown}
 n - 2 scrolls of remove curse {unknown}
 q - a scroll of torment {unknown}
Potions
 g - 2 potions of magic
 p - 2 potions of flight
 t - a potion of might
Books
 a - a book of Cantrips

   Spells                             Type                      Level
   a - Confusing Touch                Hexes                        1
   b - Animate Skeleton               Necromancy                   1
   c - Summon Small Mammal            Summoning                    1
   d - Apportation                    Translocation                1
 b - a book of Flames

   Spells                             Type                      Level
   a - Flame Tongue                   Conjuration/Fire             1
   b - Throw Flame                    Conjuration/Fire             2
   c - Conjure Flame                  Conjuration/Fire             3
   d - Inner Flame                    Hexes/Fire                   3
   e - Sticky Flame                   Conjuration/Fire             4
   f - Fireball                       Conjuration/Fire             5
 j - a book of Minor Magic

   Spells                             Type                      Level
   a - Magic Dart                     Conjuration                  1
   b - Blink                          Translocation                2
   c - Call Imp                       Summoning                    2
   d - Slow                           Hexes                        2
   e - Conjure Flame                  Conjuration/Fire             3
   f - Mephitic Cloud                 Conjuration/Poison/Air       3
Comestibles
 c - a bread ration
 d - 5 chunks of flesh
 o - 20 royal jellies


   Skills:
 + Level 7.5 Fighting
 + Level 7.9 Short Blades
 + Level 7.4 Armour
 + Level 10.7 Dodging
 - Level 2.4 Stealth
 * Level 15.7 Spellcasting
 + Level 9.9 Conjurations
 + Level 10.3 Fire Magic
 + Level 6.5 Air Magic
 + Level 7.9 Poison Magic


You had 5 spell levels left.
You knew the following spells:

 Your Spells              Type           Power        Failure   Level  Hunger
a - Flame Tongue          Conj/Fire      #####        1%          1    None
b - Throw Flame           Conj/Fire      ######       1%          2    None
c - Conjure Flame         Conj/Fire      ######..     1%          3    None
d - Inner Flame           Hex/Fire       #####...     1%          3    None
e - Ignite Poison         Fire/Tmut/Pois #####...     1%          3    None
f - Sticky Flame          Conj/Fire      ######..     1%          4    None
g - Fireball              Conj/Fire      ######....   1%          5    ##.....
h - Bolt of Fire          Conj/Fire      ######....   1%          6    ####...
i - Lightning Bolt        Conj/Air       ######....   1%          5    ##.....
j - Mephitic Cloud        Conj/Pois/Air  ######..     1%          3    None


Dungeon Overview and Level Annotations

Branches:
Dungeon (1/1)

Altars:
Cheibriados
Dithmenos
Elyvilon
Fedhas
Gozag
Hepliaklqana
Kikubaaqudgha
Makhleb
Nemelex Xobeh
Okawaru
Qazlal
Ru
Sif Muna
Trog
Uskayaw
Vehumet
Wu Jian
Xom
Yredelemnul
Zin
The Shining One
Beogh
Jiyva
Lugonu

Annotations:
D exclusion: 3 doors, Urug


Innate Abilities, Weirdness & Mutations

You have a pair of small antennae on your head.
You have sharp fingernails.
Your skin changes colour to match your surroundings (Stealth+).
You tend to lose your temper in combat.
You are somewhat resistant to further mutation.


Message History

Aiming: Mephitic Cloud
Press: ? - help, Shift-Dir - straight line, f - Urug
Aim: Urug, wielding an enchanted eveningstar and wearing a scale mail (resting)
The ball explodes into a vile cloud!
The stinking cloud engulfs Urug.
Urug shouts!
Urug is engulfed in noxious fumes.
Unknown command.
You hit Urug but do no damage.
Urug is lightly wounded.
Urug is engulfed in noxious fumes.
Urug hits you with an enchanted eveningstar!!
Ouch! That really hurt!
Unknown command.
Casting: Mephitic Cloud
Confirm with . or Enter, or press ? or * to list all spells.
You ignite the poison in your surroundings!
Urug is engulfed in blazing flames.
Urug hits you with an enchanted eveningstar!!
Ouch! That really hurt!
You die...

▓▓▓▓▓▓▓▓▓▓▓▓▓▓▓▓▓▓▓▓▓▓▓▓▓▓▓▓▓▓#..
♣♣≈≈≈........≈≈≈...#..
+♣♣'♣≈≈≈≈≈≈≈≈≈≈≈≈♣♣P.'..
{#.≈♣♣♣♣♣♣♣♣♣♣♣♣♣♣♣♣PP#.. #..♣♣
♣♣♣##+ ###'♣♣♣♣♣ ♣♣♣♣.##..##
♣...##.##.# ♣♣.##.##@##
♣..#.##.o.# ♣♣.##.##§§# ♣♣.##.#
### ♣.....# #######


You could see Urug.

Vanquished Creatures
  Erolcha (D)
  A lindwurm (D)
  A deep elf mage (D)
  2 spiny frogs (D)
  A komodo dragon (D)
  A queen bee (D)
  2 tyrant leeches (D)
  2 wandering mushrooms (D)
  A shadow (D)
  5 redbacks (D)
  A spatial vortex (D)
  A necrophage (D)
  5 two-headed ogres (D)
  A water elemental (D)
  32 killer bees (D)
  A wizard (D)
  A jelly (D)
  Jessica (D)
  A necromancer (D)
  A kobold demonologist (D)
  3 humans (D)
  An ooze (D)
  A phantom (D)
  A rat (D)
68 creatures vanquished.

Vanquished Creatures (others)
  2 draconian scorchers (D)
  2 hydras (D)
  2 yaktaurs (D)
  6 hellions (D)
  A wandering mushroom (D)
  6 plants (D)
19 creatures vanquished.

Grand Total: 87 creatures vanquished

Notes
Turn   | Place    | Note
-------+----------+-------------------------------------------
     0 | D        | Kidiri the Deep Elf Fire Elementalist began the quest for the Orb.
     0 | D        | Reached XP level 1. HP: 10/10 MP: 6/6
    50 | D        | Reached skill level 4 in Spellcasting
    77 | D        | Noticed Jessica
    83 | D        | Killed Jessica
    83 | D        | Reached skill level 1 in Fighting
    83 | D        | Reached skill level 1 in Armour
    83 | D        | Reached skill level 5 in Spellcasting
    83 | D        | Reached XP level 2. HP: 16/16 MP: 3/10
    83 | D        | Reached XP level 3. HP: 20/20 MP: 3/11
    87 | D        | Learned a level 2 spell: Throw Flame
    91 | D        | Learned a level 3 spell: Conjure Flame
    95 | D        | Learned a level 3 spell: Inner Flame
   107 | D        | Killed a hellion
   108 | D        | Killed a hellion
   108 | D        | Killed a hellion
   149 | D        | Killed a white draconian scorcher
   150 | D        | Killed a hellion
   151 | D        | Killed a hellion
   188 | D        | Killed a white draconian scorcher
   282 | D        | Gained mutation: You are robust. (+10% HP) [potion of mutation]
   282 | D        | Gained mutation: Your body sometimes deteriorates upon taking damage. [potion of mutation]
   282 | D        | Gained mutation: Your body often deteriorates upon taking damage. [potion of mutation]
   282 | D        | Gained mutation: You are resistant to hostile enchantments. (MR+) [potion of mutation]
   283 | D        | Lost mutation: You are resistant to hostile enchantments. (MR+) [potion of mutation]
   283 | D        | Lost mutation: Your body often deteriorates upon taking damage. [potion of mutation]
   283 | D        | Lost mutation: You are robust. (+10% HP) [potion of mutation]
   283 | D        | Lost mutation: Your body sometimes deteriorates upon taking damage. [potion of mutation]
   283 | D        | Gained mutation: You tend to lose your temper in combat. [potion of mutation]
   283 | D        | Gained mutation: You occasionally shout uncontrollably at your foes. [potion of mutation]
   283 | D        | Gained mutation: You have sharp toenails. [potion of mutation]
   284 | D        | Lost mutation: You have sharp toenails. [potion of mutation]
   284 | D        | Lost mutation: You occasionally shout uncontrollably at your foes. [potion of mutation]
   284 | D        | Lost mutation: You tend to lose your temper in combat. [potion of mutation]
   284 | D        | Gained mutation: Your magical capacity is low. (-10% MP) [potion of mutation]
   284 | D        | Gained mutation: You have a pair of small antennae on your head. [potion of mutation]
   284 | D        | Gained mutation: Your mind is acute. (Int +2) [potion of mutation]
   285 | D        | Lost mutation: Your mind is acute. (Int +2) [potion of mutation]
   285 | D        | Lost mutation: Your magical capacity is low. (-10% MP) [potion of mutation]
   285 | D        | Gained mutation: You are somewhat resistant to further mutation. [potion of mutation]
   285 | D        | Gained mutation: You tend to lose your temper in combat. [potion of mutation]
   285 | D        | Gained mutation: Your skin changes colour to match your surroundings (Stealth+). [potion of mutation]
   285 | D        | Gained mutation: You have sharp fingernails. [potion of mutation]
   289 | D        | Killed a yaktaur
   327 | D        | Noticed a water elemental
   331 | D        | Killed a water elemental
   331 | D        | Reached skill level 7 in Spellcasting
   331 | D        | Reached XP level 4. HP: 27/27 MP: 8/15
   345 | D        | Learned a level 4 spell: Sticky Flame
   378 | D        | Found a radiant altar of Vehumet.
   379 | D        | Found a deep blue altar of Sif Muna.
   379 | D        | Found an ancient bone altar of Kikubaaqudgha.
   379 | D        | Noticed a wizard
   381 | D        | Killed a wizard
   381 | D        | Reached skill level 5 in Dodging
   381 | D        | Reached skill level 5 in Fire Magic
   381 | D        | Reached XP level 5. HP: 32/32 MP: 7/17
   383 | D        | Noticed an orange demon
   387 | D        | Became a worshipper of Vehumet
   397 | D        | Learned a level 5 spell: Fireball
   439 | D        | Killed a hellion
   466 | D        | Found a glowing silver altar of Zin.
   467 | D        | Found a glowing golden altar of the Shining One.
   467 | D        | Found a white marble altar of Elyvilon.
   467 | D        | Noticed a deep elf mage
   474 | D        | Killed a deep elf mage
   474 | D        | Reached skill level 10 in Spellcasting
   474 | D        | Reached XP level 6. HP: 28/39 MP: 13/21
   474 | D        | Reached XP level 7. HP: 32/44 MP: 14/23
   479 | D        | Learned a level 3 spell: Mephitic Cloud
   559 | D        | Found an ornate altar of the Wu Jian Council.
   559 | D        | Found a roughly hewn altar of Beogh.
   559 | D        | Found an iron altar of Okawaru.
   559 | D        | Found a bloodstained altar of Trog.
   559 | D        | Found a hide-covered altar of Uskayaw.
   559 | D        | Noticed a human
   561 | D        | Noticed a human
   563 | D        | Killed a human
   563 | D        | Reached skill level 11 in Spellcasting
   563 | D        | Reached skill level 1 in Air Magic
   563 | D        | Reached skill level 1 in Poison Magic
   573 | D        | Killed a human
   573 | D        | Reached * piety under Vehumet
   573 | D        | Offered knowledge of Shock by Vehumet.
   686 | D        | Found a basalt altar of Yredelemnul.
   686 | D        | Found a shadowy altar of Dithmenos.
   686 | D        | Found a sacrificial altar of Ru.
   691 | D        | Reached skill level 5 in Fighting
   799 | D        | Offered knowledge of Sting by Vehumet.
   799 | D        | Reached ** piety under Vehumet
   801 | D        | Noticed a shadow
   805 | D        | Killed a shadow
   805 | D        | Reached skill level 5 in Armour
   805 | D        | Reached XP level 8. HP: 48/48 MP: 13/25
   866 | D        | Found a blossoming altar of Fedhas.
   866 | D        | Found a stormy altar of Qazlal.
   867 | D        | Found a snail-covered altar of Cheibriados.
   867 | D        | Found a burning altar of Makhleb.
   867 | D        | Found a hazy altar of Hepliaklqana.
   867 | D        | Found a shimmering altar of Xom.
   867 | D        | Found an opulent altar of Gozag.
   867 | D        | Found a sparkling altar of Nemelex Xobeh.
   867 | D        | Found a corrupted altar of Lugonu.
   867 | D        | Found a viscous altar of Jiyva.
   881 | D        | Reached skill level 12 in Spellcasting
   961 | D        | Offered knowledge of Ignite Poison by Vehumet.
   961 | D        | Reached skill level 5 in Short Blades
   961 | D        | Reached *** piety under Vehumet
   966 | D        | Learned a level 3 spell: Ignite Poison
  1085 | D        | Noticed a two-headed ogre
  1091 | D        | Killed a two-headed ogre
  1091 | D        | Offered knowledge of Fulminant Prism by Vehumet.
  1108 | D        | Noticed Erolcha
  1114 | D        | Killed Erolcha
  1114 | D        | Reached skill level 13 in Spellcasting
  1114 | D        | Reached skill level 5 in Poison Magic
  1114 | D        | Reached XP level 9. HP: 54/54 MP: 3/28
  1238 | D        | Noticed a two-headed ogre
  1245 | D        | Reached **** piety under Vehumet
  1251 | D        | Offered knowledge of Lightning Bolt by Vehumet.
  1258 | D        | Killed a two-headed ogre
  1258 | D        | Reached skill level 5 in Air Magic
  1265 | D        | Learned a level 5 spell: Lightning Bolt
  1423 | D        | Noticed a queen bee
  1429 | D        | Reached ***** piety under Vehumet
  1429 | D        | Offered knowledge of Iskenderun's Mystic Blast by Vehumet.
  1429 | D        | Reached skill level 14 in Spellcasting
  1440 | D        | Reached ****** piety under Vehumet
  1441 | D        | Reached XP level 10. HP: 54/61 MP: 11/30
  1445 | D        | Reached skill level 10 in Dodging
  1626 | D        | Offered knowledge of Bolt of Fire by Vehumet.
  1632 | D        | Killed a four-headed hydra
  1634 | D        | Learned a level 6 spell: Bolt of Fire
  1804 | D        | Killed a seven-headed hydra
  1883 | D        | Noticed a spiny frog
  1883 | D        | Noticed a spiny frog
  1885 | D        | Killed a spiny frog
  1885 | D        | Reached skill level 15 in Spellcasting
  1885 | D        | Killed a spiny frog
  1885 | D        | Reached skill level 10 in Fire Magic
  2294 | D        | Noticed a lindwurm
  2295 | D        | Killed a lindwurm
  2298 | D        | Offered knowledge of Poison Arrow by Vehumet.
  2427 | D        | Noticed Urug
  2430 | D        | Slain by Urug

Vault maps used:
D:        dungeon_sprint_mu

Skill      XL: |  1  2  3  4  5  6  7  8  9 10 |
---------------+-------------------------------+-----
Spellcasting   | 5 7 10 11 13 14 15 | 15.7
Fighting       | 1 2 4 5 6 7 |  7.5
Armour         | 1 2 4 5 6 7 |  7.4
Dodging        | 3 4 5 7 9 10 | 10.7
Conjurations   | 2 3 4 6 7 8 9 |  9.9
Fire Magic     | 4 5 6 7 8 9 10 | 10.3
Short Blades   | 3 4 6 7 |  7.9
Air Magic      | 2 4 5 6 |  6.5
Poison Magic   | 3 5 6 7 |  7.9
Stealth        | |  2.4

Action                   |  1- 3 |  4- 6 |  7- 9 | 10-12 || total
-------------------------+-------+-------+-------+-------++-------
Melee: Whip              |     3 |       |       |       ||     3
       Dagger            |       |     1 |     2 |     8 ||    11
 Cast: Flame Tongue      |    23 |     2 |    50 |     9 ||    84
       Conjure Flame     |     1 |       |     4 |     3 ||     8
       Sticky Flame      |       |     3 |     9 |     1 ||    13
       Mephitic Cloud    |       |       |     9 |     3 ||    12
       Throw Flame       |       |       |     1 |       ||     1
       Ignite Poison     |       |       |     6 |     3 ||     9
       Inner Flame       |       |       |     5 |     2 ||     7
       Lightning Bolt    |       |       |       |     8 ||     8
       Bolt of Fire      |       |       |       |     7 ||     7
  Use: Potion            |     4 |       |     1 |     4 ||     9
       Scroll            |     2 |       |       |       ||     2
 Stab: Sleeping          |       |     1 |       |     1 ||     2
  Eat: Chunk             |       |       |     1 |       ||     1
       Royal jelly       |       |       |       |     5 ||     5
       Fruit             |       |       |       |     4 ||     4
Armor: Robe              |       |       |       |     2 ||     2
Dodge: Dodged            |     9 |     3 |     8 |    12 ||    32
